 Dungeon Crawl Stone Soup version 0.23.2-40-g277498a (webtiles) character file.

Game seed: 10268520214721200635

92 CrazyJ the Grave Robber (level 4, -4/32 HPs)
             Began as a Demonspawn Necromancer on Sept 9, 2019.
             Splashed by a jelly's acid (8 damage)
             ... on level 3 of the Dungeon.
             The game lasted 00:13:01 (3196 turns).

CrazyJ the Grave Robber (Demonspawn Necromancer)    Turns: 3196, Time: 00:13:01

Health: -4/32      AC: -2    Str:  6 (8)  XL:     4   Next: 35%
Magic:  7/8        EV: 14    Int: 16 (18) God:
Gold:   171        SH:  0    Dex: 10 (13) Spells: 0/8 levels left

rFire    + . .     SeeInvis .   r - +0 spear (venom)
rCold    x . .     Gourm    .   (no shield)
rNeg     . . .     Faith    .   a - +0 robe
rPois    .         Spirit   .   (no helmet)
rElec    .         Reflect  .   (no cloak)
rCorr    .         Harm     .   (no gloves)
MR       .....                  (no boots)
Stlth    ++........             (no amulet)
HPRegen  0.10/turn              n - ring of fire
MPRegen  0.11/turn              (no ring)

@: corroded
A: repulsion field 1
a: no special abilities


You were on level 3 of the Dungeon.
You were not hungry.

You visited 1 branch of the dungeon, and saw 3 of its levels.

You collected 171 gold pieces.

Inventory:

Hand Weapons
 b - a +0 dagger of venom
 d - a +0 club
 i - a +0 dagger
 o - a +0 short sword
 r - a +0 spear of venom (weapon)
Missiles
 k - 60 stones (quivered)
 m - 16 arrows
 q - 30 bolts
Armour
 a - a +0 robe (worn)
 e - a +0 leather armour
Jewellery
 n - a ring of fire (left hand)
Scrolls
 f - 5 scrolls of identify
 h - a scroll of blinking
 j - a scroll of enchant armour {unknown}
 l - 3 scrolls of remove curse {unknown}
Potions
 g - a potion of agility
 s - a potion of resistance {unknown}
Comestibles
 c - 3 rations
 p - 2 chunks of flesh


   Skills:
 + Level 1.1 Fighting
 - Level 0.5 Short Blades
 + Level 0.3 Polearms
 + Level 2.2 Dodging
 - Level 1.7 Stealth
 * Level 2.9 Spellcasting
 * Level 5.1 Necromancy


You couldn't memorise any spells.
You knew the following spells:

 Your Spells              Type           Power        Failure   Level  Hunger
a - Pain                  Necr           ###.         2%          1    #......
b - Animate Skeleton      Necr           N/A          2%          1    #......
c - Vampiric Draining     Necr           ###.......   7%          3    ###....
d - Regeneration          Chrm/Necr      ##........   21%         3    ###....

Your spell library contained the following spells:

 Spells                   Type           Power        Failure   Level  Hunger
 Animate Dead             Necr           N/A          22%         4    #####..


Dungeon Overview and Level Annotations

Branches:
Dungeon (3/15)

Altars:


Innate Abilities, Weirdness & Mutations

You are surrounded by a mild repulsion field. (EV +2)


Message History

You hit the orc but do no damage.
The orc is poisoned.
The orc is almost dead.
The orc hits you with a +0 flail.
You hit the orc.
You kill the orc!
Wield which item (- for none, * to show all)? (? for menu, Esc to quit)
Okay, then.
Casting: Animate Skeleton (safe; 2% risk of failure)
Confirm with . or Enter, or press ? or * to list all spells.
Aiming: Pain (safe; 2% risk of failure)
Press: ? - help, Shift-Dir - straight line, f - jelly
Aim: a jelly (chance to defeat MR: 84%)
The jelly writhes in agony.
The jelly hits you. The acid corrodes you!
You are splashed with acid!
* * * LOW HITPOINT WARNING * * *
Some of the chunks of flesh in your inventory have rotted away.
The jelly hits you.
* * * LOW HITPOINT WARNING * * *
You are splashed with acid!
You die...

..##.###.#.#.###
..............
############.###.....#
#....รท...........#
.............>.#.#
#.#..........#.#.#
#.#.##########.#.#
#.#.. ..#.# ..####
#######@# ####
#.)).aJ.# ...#
#.####### ...# #.#
...##b......#
)..##.(...Jo#
...##.......#
..######....a ..#
#......


You could see a jelly and a worker ant.

Vanquished Creatures
  4 adders
  An ooze (D:1)
  A worm (D:2)
  4 leopard geckos
  2 orcs (D:3)
  5 giant cockroaches
  3 goblins
  2 jackals (D:2)
  4 kobolds
  A quokka (D:3)
  A ball python (D:2)
  5 bats
  5 frilled lizards
  3 rats
41 creatures vanquished.

Vanquished Creatures (collateral kills)
  An orc (D:3)
  A goblin (D:3)
  A hobgoblin (D:3)
  2 bats (D:3)
5 creatures vanquished.

Grand Total: 46 creatures vanquished

Notes
Turn   | Place    | Note
-------+----------+-------------------------------------------
     0 | D:1      | CrazyJ the Demonspawn Necromancer began the quest for the
                  | Orb.
     0 | D:1      | Reached XP level 1. HP: 13/13 MP: 3/3
   115 | D:1      | Learned a level 1 spell: Animate Skeleton
   377 | D:1      | Gained mutation: You are surrounded by a mild repulsion
                  | field. (EV +2) [demonic ancestry]
   377 | D:1      | Reached XP level 2. HP: 14/20 MP: 1/5
  1097 | D:2      | Reached XP level 3. HP: 25/25 MP: 6/6
  2286 | D:2      | Learned a level 3 spell: Vampiric Draining
  2322 | D:2      | Reached skill level 5 in Necromancy
  2749 | D:3      | Reached skill level 1 in Fighting
  2784 | D:3      | Reached XP level 4. HP: 26/32 MP: 8/8
  2795 | D:3      | Learned a level 3 spell: Regeneration
  3196 | D:3      | Splashed by a jelly's acid

Skill      XL: |  1  2  3 |
---------------+----------+-----
Dodging        | 2 |  2.2
Necromancy     | 5 |  5.1
Fighting       | 1 |  1.1
Short Blades   | |  0.5
Polearms       | |  0.3
Stealth        | |  1.7
Spellcasting   | |  2.9

Action                   |  1- 3 |  4- 6 || total
-------------------------+-------+-------++-------
Melee: Club              |    18 |       ||    18
       Unarmed           |     5 |       ||     5
       Short sword       |    42 |       ||    42
       Dagger            |    21 |       ||    21
       Spear             |    17 |    27 ||    44
 Cast: Pain              |    26 |     1 ||    27
       Animate Skeleton  |     7 |     7 ||    14
  Use: Potion            |     4 |       ||     4
       Scroll            |     1 |       ||     1
 Stab: Sleeping          |     2 |       ||     2
  Eat: Chunk             |     3 |     1 ||     4
       Ration            |     1 |       ||     1
Armor: Robe              |    29 |     5 ||    34
Dodge: Dodged            |   101 |    25 ||   126
